Map: Blackburn LE

Players

JimmyShmo - Winner!

  • Race: Protoss Protoss
  • League: Diamond

Osiris

  • Race: Terran Terran
  • League: Master

VOD

Have the link to the VOD?

Description

Time

  • Played on: May 16, 2021, 6:55 p.m.
  • Length: 7:46
Show
View Real Time Build Order
Export as new Build Order

JimmyShmo Protoss - Winner!

Build Orders: Proxy Void Ray 

Get SALT Encoding   

  12  0:00  Probe  
  13  0:12  Probe  
  14  0:19  Pylon  
  14  0:24  Probe  
  15  0:37  Probe  
  15  0:39  Gateway  
  16  0:45  Assimilator  
  16  0:51  Assimilator  
  16  0:59  Probe  
  17  1:11  Probe (Chrono Boost), Gateway  
  18  1:23  Probe (Chrono Boost)  
  19  1:28  Cybernetics Core  
  19  1:32  Probe (Chrono Boost)  
  20  1:40  Pylon  
  20  1:43  Probe  
  21  1:55  Probe  
  26  2:10  Adept  
  26  2:13  Stargate  
  26  2:15  Adept  
  26  2:20  Probe  
  27  2:23  Pylon  
  27  2:36  Probe  
  28  2:50  Void Ray (Chrono Boost)  
  28  2:56  Pylon  
  32  3:02  Shield Battery  
  32  3:16  Shield Battery  
  32  3:17  Void Ray (Chrono Boost)  
  32  3:24  Probe  
  37  3:28  Shield Battery  
  37  3:43  Probe  
  38  3:49  Void Ray (Chrono Boost)  
  42  4:06  Shield Battery  
  42  4:07  Shield Battery  
  42  4:17  Pylon  
  42  4:42  Void Ray (Chrono Boost)  
  42  4:50  Probe  
  43  5:09  Void Ray (Chrono Boost)  
  39  5:39  Void Ray (Chrono Boost)  
  39  5:52  Probe  
  40  6:08  Nexus  
  40  6:10  Probe  
  40  6:11  Pylon  
  41  6:12  Pylon x2  
  41  6:17  Stalker x2  
  45  6:20  Void Ray (Chrono Boost)  
  49  6:33  Pylon  
  49  6:36  Twilight Council  
  49  6:37  Probe  
  50  6:49  Probe  
  51  7:00  Zealot x2  
  55  7:01  Probe  
  55  7:02  Pylon  
  56  7:20  Gateway  
  56  7:25  Gateway  
Show
View Real Time Build Order
Export as new Build Order

Osiris Terran 

Build Orders: Cyclone Opening 

Get SALT Encoding   

  12  0:00  SCV  
  13  0:12  SCV  
  14  0:19  Supply Depot  
  14  0:24  SCV  
  15  0:40  SCV  
  16  0:42  Barracks  
  16  0:45  Refinery  
  16  0:52  SCV  
  16  0:54  Refinery  
  17  1:04  SCV  
  18  1:17  SCV  
  19  1:29  Orbital Command  
  19  1:30  Reaper  
  19  1:31  Supply Depot  
  20  1:47  Factory  
  20  1:57  SCV  
  21  2:02  Marine  
  22  2:10  SCV  
  22  2:14  Bunker  
  23  2:22  SCV  
  25  2:32  Bunker  
  25  2:36  Factory Tech Lab  
  25  2:45  Marine  
  25  2:47  Engineering Bay  
  25  2:50  SCV  
  26  2:54  Starport  
  26  2:56  Cyclone  
  29  3:04  Marine  
  30  3:07  Mag-Field Accelerator  
  30  3:19  SCV  
  31  3:24  Missile Turret  
  31  3:31  Supply Depot  
  31  3:35  Marine  
  28  3:45  Cyclone  
  30  3:53  Marine  
  30  4:08  Viking  
  30  4:11  SCV  
  31  4:17  Marine  
  31  4:35  Supply Depot x2  
  31  4:45  Viking  
  29  4:57  Cyclone  
  27  5:15  Viking  
  29  5:26  SCV  
  30  5:29  Cyclone  
  22  6:01  Cyclone  
  24  6:07  Viking  
  24  6:09  SCV  
  27  6:21  SCV  
  28  6:33  Cyclone  
  31  6:44  SCV  
  32  6:47  Supply Depot  
  31  7:01  SCV  
  31  7:08  Cyclone  
  34  7:13  Supply Depot, Missile Turret  
  34  7:15  Missile Turret, Viking  
  36  7:17  Barracks Reactor  
Tags
 
Add a new tag
Caveats
  • Supply blocks, unpowered buildings, or Contaminate may cause inaccurate times.
  • Supply counts are checked every 10 seconds.